 Dungeon Crawl Stone Soup version 0.26.1-11-gd32895ea62 (webtiles) character file.

Game seed: 10545983669495608398

62 infcreate the Slasher (level 4, 35/35 HPs)
             Began as a Human Berserker on July 10, 2021.
             Was a Believer of Trog.
             Quit the game on level 2 of the Dungeon.
             The game lasted 00:06:01 (1710 turns).

infcreate the Slasher (Human Berserker)             Turns: 1710, Time: 00:06:02

Health: 35/35      AC:  8    Str: 19    XL:     4   Next: 28%
Magic:  4/4        EV: 10    Int:  7    God:    Trog [**....]
Gold:   151        SH:  0    Dex: 12    Spells: 3/3 levels left

rFire    . . .     SeeInvis .   a - +0 falchion
rCold    . . .     Faith    .   (no shield)
rNeg     . . .     Spirit   .   c - +0 scale mail (curse)
rPois    .         Reflect  .   (no helmet)
rElec    .         Harm     .   (no cloak)
rCorr    .         Rampage  .   j - +0 pair of gloves
Will     .....                  b - +0 pair of boots
Stlth    ..........             (no amulet)
HPRegen  0.11/turn              (no ring)
MPRegen  0.09/turn              (no ring)

@: no status effects
A: no striking features
a: Renounce Religion, Berserk, Trog's Hand


You were on level 2 of the Dungeon.
You worshipped Trog.
Trog was pleased with you.
You visited 1 branch of the dungeon, and saw 2 of its levels.

You collected 151 gold pieces.


   Skills:
 * Level 3.5 Fighting
 * Level 3.5 Long Blades
 * Level 2.7 Armour
 * Level 2.6 Dodging


You had 3 spell levels left.
You didn't know any spells.
Your spell library was empty.

Inventory:

Hand Weapons
 a - a +0 falchion (weapon)
Missiles
 f - 12 bolts
Armour
 b - a +0 pair of boots (worn)
 c - a cursed +0 scale mail (worn)
 j - a +0 pair of gloves (worn)
Jewellery
 l - a +4 ring of protection {unknown}
Scrolls
 e - 2 scrolls of teleportation {unknown}
 g - a scroll of enchant armour {unknown}
 h - a scroll of identify {unknown}
 k - a scroll of remove curse {unknown}
 m - a scroll of noise {unknown}
 n - a scroll of amnesia {unknown}
Potions
 d - a potion of curing {unknown}
 i - a potion of degeneration {unknown}

Dungeon Overview and Level Annotations

Branches:
Dungeon (2/15)

Altars:
Sif Muna

#......... ##.###.###
#.# #.# ############
#.###.# ...........#
#.....# ##########.#
###.###
##########.######.#
..........†.....#.#####
.##.###########.@.....#
..#.######## ###.#####
............ ....
.....##.#.#. #.#.#
..#...# #..... #.#...#
#.. #.. #.#(..# ###.
#.. ##...## . #.
.....#####..


There were no monsters in sight!


Message History

You slash the goblin!
You kill the goblin!
Trog accepts your kill.
You closely miss the goblin. The goblin closely misses you.
You barely miss the goblin. The goblin closely misses you.
You barely miss the goblin. The goblin barely misses you.
You barely miss the goblin. The goblin hits you but does no damage.
You hit the goblin.
You kill the goblin!
Trog accepts your kill.
No target in view!
You see here a +0 club.
Found a shiny moonstone ring.
l - a shiny moonstone ring A frilled lizard comes into view.
The frilled lizard hisses angrily.
The frilled lizard moves out of view.
Found 10 gold pieces.
Found a shimmering blue altar of Sif Muna.
Found a scroll labelled NENLUN WOFA.
The frilled lizard closely misses you.
You riposte.
You hit the frilled lizard.
You kill the frilled lizard!
Trog accepts your kill.
No target in view!
No target in view!
You now have 151 gold pieces (gained 10).
m - a scroll labelled NENLUN WOFA
Found a scroll labelled GEOCRO SUNTES.
n - a scroll labelled GEOCRO SUNTES Are you sure you want to abandon this character and quit the game? (Confirm with "yes".)

Action                   |  1- 3 |  4- 6 || total
-------------------------+-------+-------++-------
Melee: Falchion          |   113 |    30 ||   143
Armor: Scale mail        |    47 |    15 ||    62
Dodge: Dodged            |    66 |    16 ||    82
       Rpst.: Falchion   |    16 |     4 ||    20

Levels and vault maps discovered:
D:1:      zaba_arrival_water, layout_basic, serial_bayou, serial_bayou_pond_c,
          serial_bayou_pond_a, serial_bayou_ford_a, serial_bayou_lagoon_a,
          st_stairs_5
D:2:      layout_loops_ring, ashenzari_conservatory_becter, old_standard_altar,
          lemuel_round_altar, chequers_ecumenical_altar_simple, uniq_terence

Notes
Turn   | Place    | Note
-------+----------+-------------------------------------------
     0 | D:1      | infcreate the Human Berserker began the quest for the Orb.
     0 | D:1      | Reached XP level 1. HP: 18/18 MP: 1/1
   329 | D:1      | Reached XP level 2. HP: 20/23 MP: 2/2
   613 | D:1      | Reached XP level 3. HP: 23/29 MP: 3/3
   864 | D:1      | Reached ** piety under Trog
  1316 | D:2      | Reached XP level 4. HP: 15/35 MP: 4/4
  1678 | D:2      | Found a shimmering blue altar of Sif Muna.
  1710 | D:2      | Quit the game

Vanquished Creatures
  An adder (D:2)
  A worm (D:2)
  2 dart slugs (D:1)
  A ball python (D:1)
  2 giant cockroaches
  6 goblins
  5 hobgoblins
  2 jackals (D:2)
  9 bats
  4 frilled lizards
  7 kobolds
  5 rats
45 creatures vanquished.

Vanquished Creatures (others)
  4 plants (D:1)
4 creatures vanquished.

Grand Total: 49 creatures vanquished

Table legend: (Time is in decaauts)
 A = Elapsed time spent in this place.
 B = Non-inter-level travel time spent in this place.
 C = Inter-level travel time spent in this place.
 D = Time resting spent in this place.
 E = Time spent auto-exploring this place.
 F = Levels seen in this place.
 G = Mean time per level.
                   A        B        C        D        E       F      G
               +--------+--------+--------+--------+--------+-----+--------+
         Total |   1744 |   1565 |    179 |    496 |      0 |   2 |  872.0 |
       Dungeon |   1744 |   1565 |    179 |    496 |      0 |   2 |  872.0 |
               +--------+--------+--------+--------+--------+-----+--------+

Top non-repeatable levels by time:
     D:1: 1091 daAuts
     D:2: 653 daAuts

Table legend:
 A = Non-vault XP
 B = Vault XP
 C = Vault XP percentage of total XP
 D = Non-vault monster count
 E = Vault monster count
 F = Vault count percentage of total count
                 A         B        C        D         E       F
            +---------+---------+-------+---------+---------+-------
      Total |      83 |       6 |   6.7 |      42 |       3 |   6.7
            +---------+---------+-------+---------+---------+-------
        D:1 |      40 |       6 |  13.0 |      24 |       3 |  11.1
        D:2 |      43 |       0 |   0.0 |      18 |       0 |   0.0
            +---------+---------+-------+---------+---------+-------
